 Dungeon Crawl Stone Soup version 0.29.1-4-g47bece8355 (webtiles) character file.

Game seed: 14705579092622958014

139 MajorAdolf the Vexing (level 5, -2/46 HPs)
             Began as a Naga Wanderer on Dec 11, 2022.
             Killed from afar by Natasha (12 damage)
             ... with a bolt of light
             ... on level 2 of the Dungeon.
             The game lasted 00:04:58 (3866 turns).

MajorAdolf the Vexing (Naga Wanderer)               Turns: 3866, Time: 00:04:58

Health: -2/46      AC:  5    Str: 15    XL:     5   Next: 22%
Magic:  8/8        EV:  8    Int: 15    God:
Gold:   100        SH:  0    Dex:  9    Spells: 4/8 levels left

rFire   . . .      SeeInvis +   o - +4 spear
rCold   . . .      Faith    .   (no shield)
rNeg    . . .      Spirit   .   c - +0 leather armour
rPois   +          Reflect  .   q - +1 helmet
rElec   .          Harm     .   (no cloak)
rCorr   .          Rampage  .   (no gloves)
Will    .....                   (no barding)
Stlth   ..........              (no amulet)
HPRegen 0.15/turn               (no ring)
MPRegen 0.11/turn               (no ring)

@: confused, slowed, very slow
A: AC +1, large, see invisible, deformed body, poison resistance, slowness 2,
spit poison 1, naga tail 1
a: Spit Poison


You were on level 2 of the Dungeon.
You visited 1 branch of the dungeon, and saw 2 of its levels.

You collected 100 gold pieces.

Inventory:

Hand Weapons
 n - a +0 dagger
 o - a +4 spear (weapon)
Missiles
 a - 6 javelins
Armour
 c - a +0 leather armour (worn)
 d - a +0 buckler
 q - a +1 helmet (worn)
Jewellery
 i - a ring of fire
Scrolls
 b - a scroll of butterflies
 h - a scroll of fear {unknown}
 j - 3 scrolls of identify {unknown}
 k - 2 scrolls of enchant armour {unknown}
 m - a scroll of noise {unknown}
 s - a scroll of teleportation {unknown}
Potions
 e - a potion of brilliance {unknown}
 f - 2 potions of flight {unknown}
 l - a potion of resistance {unknown}
 p - 2 potions of degeneration {unknown}
 r - a potion of attraction {unknown}


   Skills:
 + Level 2.7 Fighting
 - Level 1.0 Throwing
 - Level 1.7 Shields
 + Level 2.2 Spellcasting
 + Level 2.0 Conjurations
 + Level 3.8 Hexes
 - Level 1.0 Necromancy
 - Level 1.0 Evocations


You had 4 spell levels left.
You knew the following spells:

 Your Spells              Type           Power      Damage    Failure   Level
a - Fulminant Prism       Conj/Hex       5%         3d7       63%         4

Your spell library contained the following spells:

 Spells                   Type           Power      Damage    Failure   Level
 Slow                     Hex            52%        N/A       5%          1
 Necrotise                Necr           16%        1d4       19%         1
 Sandblast                Erth           2%         2d4       26%         1
 Summon Small Mammal      Summ           4%         N/A       26%         1
 Sublimation of Blood     Necr           4%         N/A       26%         2
 Summon Guardian Golem    Hex/Summ       7%         N/A       36%         3
 Passwall                 Tmut/Erth      0%         N/A       38%         2
 Wereblood                Tmut           1%         N/A       38%         2
 Stone Arrow              Conj/Erth      8%         3d7       47%         3
 Vampiric Draining        Necr           4%         2d6       47%         3
 Call Canine Familiar     Summ           1%         N/A       63%         3
 Anguish                  Hex/Necr       4%         N/A       69%         4
 Summon Hydra             Summ           0%         N/A       100%        7


Dungeon Overview and Level Annotations

Branches:
Dungeon (2/15)

Altars:

Shops:
D:2 (

Annotations:
D:2 Natasha


Innate Abilities, Weirdness & Mutations

Your serpentine skin is tough. (AC +1)
You have supernaturally acute eyesight. (SInv)
Armour fits poorly on your strangely shaped body.
Your system is resistant to poisons. (rPois)
You cover ground very slowly.
You can spit poison.
You have a snake-like lower body.


Message History

Press: ? - help, Shift-Dir - straight line, f/p - Natasha
Aim: Natasha, carrying a wand of light (5) (lightly wounded, 50% to hit)
The splash of poison misses Natasha.
Natasha zaps a wand.
The bolt of light hits you!
You are confused.
Unknown command.
You bump into the rock wall.
You feel less confused.
You have got your breath back.
Natasha barely misses you.
You miss Natasha.
Natasha is lightly wounded.
Natasha zaps a wand.
The bolt of light hits you!
* * * LOW HITPOINT WARNING * * *
You hit Natasha but do no damage.
Natasha is lightly wounded.
Natasha barely misses you.
You hit Natasha.
Natasha is moderately wounded.
Natasha closely misses you.
You barely miss Natasha.
Natasha is moderately wounded.
Natasha claws you.
* * * LOW HITPOINT WARNING * * *
Aiming: Spit Poison (1% risk of failure)
Press: ? - help, Shift-Dir - straight line, f/p - Natasha
Aim: Natasha, carrying a wand of light (3) (moderately wounded, 50% to hit)
The splash of poison misses Natasha.
Natasha barely misses you.
Unknown command.
You feel better. Natasha casts a spell at you.
You feel yourself slow down.
You puncture Natasha!
Natasha is severely wounded.
You have got your breath back.
Natasha claws you.
Natasha zaps a wand.
The bolt of light hits you!
* * * LOW HITPOINT WARNING * * *
You feel better.
Natasha zaps a wand.
The bolt of light hits you!
You are confused.
You die...

#.......##.##.#..........###..#
#..................##......##.#
##########....................#
#.....####........#...
#.....#####[).....###.
#........h..<.........
#.....#####........... #....h#
#........... #....@#
#.......###. #.....# ##.....##
## ###..## ##...## # #..# #####
# #..# # ##.# # ### # # #


You could see Natasha.

Vanquished Creatures
  Terence (D:2)
  Natasha (twice) (D:2)
  Robin (D:2)
  A dart slug (D:2)
  3 bats
  4 endoplasms
  A giant cockroach (D:1)
  13 goblins
  5 hobgoblins
  4 kobolds
  A quokka (D:1)
  8 ball pythons
  6 rats
50 creatures vanquished.

Notes
Turn   | Place    | Note
-------+----------+-------------------------------------------
     0 | D:1      | MajorAdolf the Naga Wanderer began the quest for the Orb.
     0 | D:1      | MajorAdolf set off with the following items: a +0 club, a
                  | scroll of butterflies, a +0 leather armour, a +0 buckler;
                  | and the following spells available to memorise: Slow,
                  | Necrotise, Vampiric Draining, Anguish, Fulminant Prism.
     0 | D:1      | Reached XP level 1. HP: 18/18 MP: 2/2
    60 | D:1      | Found a faded altar of an unknown god.
   447 | D:1      | Reached XP level 2. HP: 24/25 MP: 3/3
  1489 | D:2      | Reached XP level 3. HP: 32/32 MP: 5/5
  1774 | D:2      | Noticed Terence
  1921 | D:2      | Noticed Robin
  1925 | D:1      | Reached skill level 1 in Conjurations
  2120 | D:2      | Killed Terence
  2299 | D:1      | Reached XP level 4. HP: 29/39 MP: 6/6
  2380 | D:1      | Learned a level 4 spell: Fulminant Prism
  2939 | D:2      | Killed Robin
  3443 | D:2      | Found Realu's Weapon Shoppe.
  3506 | D:2      | Noticed Natasha
  3517 | D:2      | HP: 2/40 [Natasha (7)]
  3519 | D:2      | Killed Natasha
  3736 | D:2      | Noticed Natasha
  3740 | D:2      | Killed Natasha
  3741 | D:2      | Reached XP level 5. HP: 36/46 MP: 8/8
  3851 | D:2      | Noticed Natasha
  3866 | D:2      | Killed from afar by Natasha

Illustrated notes

Levels and vault maps discovered:
D:1:      minmay_arrival_semitransparent, layout_loops_ring,
          ebering_ecumenical_altar_mist, nicolae_concentric_dashed_squares_wild
D:2:      layout_rooms, serial_shops, shop, uniq_terence, uniq_natasha,
          uniq_robin

Skill      XL: |  1  2  3  4 |
---------------+-------------+-----
Conjurations   | 1 2 |  2.0
Fighting       | 2 |  2.7
Spellcasting   | 2 |  2.2
Throwing       | |  1.0
Shields        | |  1.7
Hexes          | |  3.8
Necromancy     | |  1.0
Evocations     | |  1.0

Action                   |  1- 3 |  4- 6 || total
-------------------------+-------+-------++-------
Melee: Club              |    27 |       ||    27
       Dagger            |    34 |       ||    34
       Spear             |     9 |    54 ||    63
 Abil: Spit Poison       |    26 |    11 ||    37
  Use: Potion            |       |     2 ||     2
Armor: Leather armour    |    21 |    14 ||    35
Dodge: Dodged            |    43 |    25 ||    68
Block: Buckler           |    16 |       ||    16
